| TOP OF THE 1ST |
|
Bluefield Blue Jays batting - Pitching for Orem Owlz : LHP Jon Lawson
|
|
Pitching: LHP Jon Lawson
|
|
|
Batting: RHB Stephen Casteel
|
0-0: Ground out 5-3 (Groundball, 56S, EV 81.9 MPH)
|
|
Batting: LHB Kurt Estep
|
0-0: Swinging Strike 0-1: Foul Ball, location: 2F 0-2: Ball 1-2: Ground out 4-3 (Groundball, 4M, EV 103.1 MPH)
|
|
Batting: RHB Mike Johnson
|
0-0: Fly out, F6 (Line Drive, 6, EV 73.8 MPH)
|
| Top of the 1st over - 0 runs, 0 hits, 0 errors, 0 left on base; Bluefield 0 - Orem 0 |
| BOTTOM OF THE 1ST |
|
Orem Owlz batting - Pitching for Bluefield Blue Jays : RHP Bob Markle
|
|
Pitching: RHP Bob Markle
|
|
|
Batting: RHB Jon Shonka
|
0-0: Ball 1-0: Ball 2-0: Ground out 2-3 (Groundball, 13S, EV 73.8 MPH)
|
|
Batting: RHB Dan Burkhart
|
0-0: Hit by Pitch
|
|
Batting: RHB Juan Montez
|
0-0: Swinging Strike 0-1: Fielders Choice at 2nd, 4-6 (Groundball, 34, EV 93.1 MPH)
|
|
Batting: RHB Peter Westover
|
0-0: Called Strike 0-1: Ball 1-1: Ball Wild Pitch! Juan Montez to second 2-1: Called Strike 2-2: Foul Ball, location: 2F 2-2: Ball 3-2: Base on Balls
|
|
Batting: RHB Kyle Gray
|
0-0: Ball 1-0: Called Strike 1-1: Ball 2-1: Ball 3-1: Reached on error, E3 (Groundball, 34, EV 105.0 MPH) Juan Montez to third Peter Westover to second
|
|
Batting: RHB Ricky Mejicanos
|
0-0: Ball 1-0: Fly out, F7 (Flyball, 7S, EV 87.5 MPH)
|
| Bottom of the 1st over - 0 runs, 0 hits, 1 error, 3 left on base; Bluefield 0 - Orem 0 |
| TOP OF THE 2ND |
|
Bluefield Blue Jays batting - Pitching for Orem Owlz : LHP Jon Lawson
|
|
Batting: LHB Lothar Middelkoop
|
0-0: Ball 1-0: Called Strike 1-1: Ball 2-1: Ball 3-1: Base on Balls
|
|
Batting: RHB Bill Murray
|
0-0: Ball 1-0: Swinging Strike 1-1: SINGLE (Line Drive, 8LS, EV 99.4 MPH) Lothar Middelkoop to second
|
|
Batting: RHB Dan Muns
|
0-0: Foul Ball, location: 2F 0-1: Ball 1-1: Ball 2-1: Foul Ball, location: 2F 2-2: Ball 3-2: Strikes out swinging
|
|
Batting: RHB Carlos Bravo
|
0-0: Ball 1-0: SINGLE (Groundball, 5D, EV 103.8 MPH) Lothar Middelkoop to third Bill Murray to second Runner from 3rd tries for Home, SAFE, throw by LF to home
|
|
Batting: LHB Eric Toney
|
0-0: Called Strike 0-1: Ball 1-1: 3-RUN HOME RUN (Flyball, 9D, EV 105.6 MPH), Distance : 410 ft
|
|
Batting: SHB Dominik Hasek II
|
0-0: Foul Ball, location: 2F 0-1: Foul Ball, location: 2F 0-2: Ground out 5-3 (Groundball, 56S, EV 73.1 MPH)
|
|
Batting: RHB Stephen Casteel
|
0-0: Foul Ball, location: 2F 0-1: Ground out 5-3 (Groundball, 56S, EV 76.2 MPH)
|
| Top of the 2nd over - 4 runs, 3 hits, 0 errors, 0 left on base; Bluefield 4 - Orem 0 |
| BOTTOM OF THE 2ND |
|
Orem Owlz batting - Pitching for Bluefield Blue Jays : RHP Bob Markle
|
|
Batting: RHB Nick Lombardo
|
0-0: Ball 1-0: Ground out 6-3 (Groundball, 6MS, EV 86.2 MPH)
|
|
Batting: RHB Sean Rocha
|
0-0: Swinging Strike 0-1: Foul Ball, location: 2F 0-2: Strikes out swinging
|
|
Batting: RHB Trevor Kingston
|
0-0: Called Strike 0-1: Swinging Strike 0-2: Ball 1-2: Ball 2-2: Ball 3-2: Strikes out looking
|
| Bottom of the 2nd over - 0 runs, 0 hits, 0 errors, 0 left on base; Bluefield 4 - Orem 0 |
| TOP OF THE 3RD |
|
Bluefield Blue Jays batting - Pitching for Orem Owlz : LHP Jon Lawson
|
|
Batting: LHB Kurt Estep
|
0-0: Fly out, F8 (Flyball, 8RM, EV 85.6 MPH)
|
|
Batting: RHB Mike Johnson
|
0-0: Called Strike 0-1: Called Strike 0-2: Ball 1-2: Ball 2-2: Ball 3-2: Base on Balls
|
|
Batting: LHB Lothar Middelkoop
|
0-0: Fly out, F9 (Flyball, 9D, EV 98.1 MPH)
|
|
Batting: RHB Bill Murray
|
0-0: Ball Mike Johnson is caught stealing 2nd base 2-4
|
| Top of the 3rd over - 0 runs, 0 hits, 0 errors, 0 left on base; Bluefield 4 - Orem 0 |
| BOTTOM OF THE 3RD |
|
Orem Owlz batting - Pitching for Bluefield Blue Jays : RHP Bob Markle
|
|
Batting: RHB Jon Shonka
|
0-0: Called Strike 0-1: SINGLE (Groundball, 56S, EV 100.0 MPH)
|
|
Batting: RHB Dan Burkhart
|
0-0: Called Strike 0-1: Foul Ball, location: 2F 0-2: Strikes out swinging
|
|
Batting: RHB Juan Montez
|
0-0: Called Strike 0-1: Grounds into double play, 6-4-3 (Groundball, 6, EV 84.4 MPH)
|
| Bottom of the 3rd over - 0 runs, 1 hit, 0 errors, 0 left on base; Bluefield 4 - Orem 0 |
| TOP OF THE 4TH |
|
Bluefield Blue Jays batting - Pitching for Orem Owlz : LHP Jon Lawson
|
|
Batting: RHB Bill Murray
|
0-0: Ground out 5-3 (Groundball, 56, EV 80.6 MPH)
|
|
Batting: RHB Dan Muns
|
0-0: Called Strike 0-1: Foul Ball, location: 2F 0-2: Ball 1-2: Strikes out looking
|
|
Batting: RHB Carlos Bravo
|
0-0: Ball 1-0: SINGLE (Groundball, 56, EV 108.8 MPH)
|
|
Batting: LHB Eric Toney
|
0-0: Ball Wild Pitch! Carlos Bravo to second 1-0: Called Strike 1-1: Foul Ball, location: 2F 1-2: Foul Ball, location: 2F 1-2: Foul Ball, location: 2F 1-2: Fly out, F7 (Flyball, 7LMF, EV 95.0 MPH)
|
| Top of the 4th over - 0 runs, 1 hit, 0 errors, 1 left on base; Bluefield 4 - Orem 0 |
| BOTTOM OF THE 4TH |
|
Orem Owlz batting - Pitching for Bluefield Blue Jays : RHP Bob Markle
|
|
Batting: RHB Peter Westover
|
0-0: Fly out, F8 (Flyball, 8RD, EV 91.2 MPH)
|
|
Batting: RHB Kyle Gray
|
0-0: SINGLE (Groundball, 34D, EV 98.1 MPH)
|
|
Batting: RHB Ricky Mejicanos
|
0-0: Called Strike 0-1: Ball 1-1: Foul Ball, location: 2F 1-2: Strikes out swinging
|
|
Batting: RHB Nick Lombardo
|
0-0: Swinging Strike 0-1: Foul Ball, location: 2F 0-2: Foul Ball, location: 2F 0-2: Strikes out looking
|
| Bottom of the 4th over - 0 runs, 1 hit, 0 errors, 1 left on base; Bluefield 4 - Orem 0 |
| TOP OF THE 5TH |
|
Bluefield Blue Jays batting - Pitching for Orem Owlz : LHP Jon Lawson
|
|
Batting: SHB Dominik Hasek II
|
0-0: Called Strike 0-1: Ball 1-1: Swinging Strike 1-2: Ball 2-2: Foul Ball, location: 2F 2-2: Foul Ball, location: 2F 2-2: Strikes out looking
|
|
Batting: RHB Stephen Casteel
|
0-0: Ball 1-0: Reached on error, E6 (Groundball, 6, EV 90.6 MPH)
|
|
Batting: LHB Kurt Estep
|
0-0: Foul Ball, location: 2F 0-1: Ground out 6-3 (Groundball, 6M, EV 83.1 MPH) Stephen Casteel to third
|
|
Batting: RHB Mike Johnson
|
0-0: 2-RUN HOME RUN (Flyball, 7D, EV 96.9 MPH), Distance : 379 ft
|
|
Batting: LHB Lothar Middelkoop
|
0-0: Ball 1-0: Called Strike 1-1: Ball 2-1: Ball 3-1: Base on Balls
|
|
Batting: RHB Bill Murray
|
0-0: Ball 1-0: Foul Ball, location: 2F 1-1: Called Strike 1-2: Foul Ball, location: 2F 1-2: Ball 2-2: 2-RUN HOME RUN (Flyball, 7LD, EV 92.5 MPH), Distance : 348 ft
|
|
Pitching: RHP Kunihiro Sasaki
|
|
|
Batting: RHB Dan Muns
|
0-0: Called Strike 0-1: Swinging Strike 0-2: Strikes out swinging
|
| Top of the 5th over - 4 runs, 2 hits, 1 error, 0 left on base; Bluefield 8 - Orem 0 |
| BOTTOM OF THE 5TH |
|
Orem Owlz batting - Pitching for Bluefield Blue Jays : RHP Bob Markle
|
|
Batting: RHB Sean Rocha
|
0-0: Ball 1-0: Ground out 4-3 (Groundball, 4, EV 109.4 MPH)
|
|
Batting: RHB Trevor Kingston
|
0-0: Called Strike 0-1: Fly out, F8 (Flyball, 8RD, EV 97.5 MPH)
|
|
Batting: RHB Jon Shonka
|
0-0: Ball 1-0: Called Strike 1-1: Swinging Strike 1-2: Foul Ball, location: 2F 1-2: Ball 2-2: Foul Ball, location: 2F 2-2: Ball 3-2: Base on Balls
|
|
Batting: RHB Dan Burkhart
|
0-0: Ball 1-0: Foul Ball, location: 2F 1-1: Ball 2-1: Ball 3-1: Swinging Strike 3-2: SINGLE (Flyball, 56D, EV 85.6 MPH) Jon Shonka to second Jon Shonka to third
|
|
Batting: RHB Juan Montez
|
0-0: Ball 1-0: Swinging Strike 1-1: Ball 2-1: Ball 3-1: Base on Balls Dan Burkhart to second
|
|
Batting: RHB Peter Westover
|
0-0: Ball Wild Pitch! Jon Shonka scores Dan Burkhart to third Juan Montez to second 1-0: Fly out, F8 (Line Drive, 8LD, EV 96.9 MPH)
|
| Bottom of the 5th over - 1 run, 1 hit, 0 errors, 2 left on base; Bluefield 8 - Orem 1 |
| TOP OF THE 6TH |
|
Bluefield Blue Jays batting - Pitching for Orem Owlz : RHP Kunihiro Sasaki
|
|
Batting: RHB Carlos Bravo
|
0-0: Ball 1-0: Ball 2-0: Called Strike 2-1: Ball 3-1: Ground out U3 (Groundball, 3, EV 81.9 MPH)
|
|
Batting: LHB Eric Toney
|
0-0: Ball 1-0: Ball 2-0: Ball 3-0: Base on Balls
|
|
Batting: SHB Dominik Hasek II
|
0-0: Ball 1-0: Foul Ball, location: 2F 1-1: Swinging Strike 1-2: Ball 2-2: Ball 3-2: Foul Ball, location: 2F 3-2: Strikes out looking
|
|
Batting: RHB Stephen Casteel
|
0-0: Ball 1-0: Foul Ball, location: 2F 1-1: SINGLE (Groundball, 4MD, EV 108.1 MPH) Eric Toney to second Runner from 2nd tries for 3rd, SAFE after rundown.
|
|
Batting: LHB Kurt Estep
|
0-0: Foul Ball, location: 2F 0-1: Swinging Strike 0-2: Ball 1-2: Ball 2-2: Strikes out swinging
|
| Top of the 6th over - 0 runs, 1 hit, 0 errors, 2 left on base; Bluefield 8 - Orem 1 |
| BOTTOM OF THE 6TH |
|
Orem Owlz batting - Pitching for Bluefield Blue Jays : RHP Bob Markle
|
|
Batting: RHB Kyle Gray
|
0-0: Ball 1-0: Ground out 5-3 (Groundball, 56S, EV 68.8 MPH)
|
|
Batting: RHB Ricky Mejicanos
|
0-0: Fly out, F8 (Flyball, 89M, EV 92.5 MPH)
|
|
Batting: RHB Nick Lombardo
|
0-0: Swinging Strike 0-1: Ball 1-1: Ball 2-1: Foul Ball, location: 2F 2-2: Ball 3-2: Base on Balls
|
|
Batting: RHB Sean Rocha
|
0-0: Called Strike 0-1: Foul Ball, location: 2F 0-2: Ground out 4-3 (Groundball, 4, EV 90.6 MPH)
|
| Bottom of the 6th over - 0 runs, 0 hits, 0 errors, 1 left on base; Bluefield 8 - Orem 1 |
| TOP OF THE 7TH |
|
Bluefield Blue Jays batting - Pitching for Orem Owlz : RHP Kunihiro Sasaki
|
|
Pitching: LHP Kichizo Nakazawa
|
|
|
Batting: RHB Mike Johnson
|
0-0: Called Strike 0-1: Foul Ball, location: 2F 0-2: Foul Ball, location: 2F 0-2: Ground out 5-3 (Groundball, 56, EV 103.1 MPH)
|
|
Batting: LHB Lothar Middelkoop
|
0-0: Called Strike 0-1: Called Strike 0-2: Ball 1-2: Ground out 4-3 (Groundball, 4S, EV 71.9 MPH)
|
|
Pinch Hitting: RHB Ed Swafford
|
0-0: Ball 1-0: Ground out 5-3 (Groundball, 25, EV 79.4 MPH)
|
| Top of the 7th over - 0 runs, 0 hits, 0 errors, 0 left on base; Bluefield 8 - Orem 1 |
| BOTTOM OF THE 7TH |
|
Orem Owlz batting - Pitching for Bluefield Blue Jays : RHP Bob Markle
|
|
Now at 1B: Braydon Pinsent
|
|
|
Batting: RHB Trevor Kingston
|
0-0: Swinging Strike 0-1: Foul Ball, location: 2F 0-2: Ball 1-2: Ball 2-2: Ground out 6-3 (Groundball, 6, EV 83.1 MPH)
|
|
Batting: RHB Jon Shonka
|
0-0: Ball 1-0: Ball 2-0: SINGLE (Line Drive, 8LS, EV 97.5 MPH)
|
|
Batting: RHB Dan Burkhart
|
0-0: Ball 1-0: Foul Ball, location: 2F 1-1: SINGLE (Groundball, 34D, EV 103.8 MPH) Jon Shonka to second Runner from 2nd tries for 3rd, SAFE, throw by RF made to third Dan Burkhart to second
|
|
Batting: RHB Juan Montez
|
0-0: Called Strike 0-1: Fly out, F4 (Popup, 3S, EV 70.6 MPH)
|
|
Batting: RHB Peter Westover
|
0-0: Ground out 2-3 (Groundball, 15S, EV 71.2 MPH)
|
| Bottom of the 7th over - 0 runs, 2 hits, 0 errors, 2 left on base; Bluefield 8 - Orem 1 |
| TOP OF THE 8TH |
|
Bluefield Blue Jays batting - Pitching for Orem Owlz : LHP Kichizo Nakazawa
|
|
Batting: RHB Dan Muns
|
0-0: Ball 1-0: Foul Ball, location: 2F 1-1: Foul Ball, location: 2F 1-2: SINGLE (Line Drive, 56D, EV 99.4 MPH)
|
|
Batting: RHB Carlos Bravo
|
0-0: Ball 1-0: Ball 2-0: Reached on error, E3 (Groundball, 3, EV 101.9 MPH) Dan Muns to second
|
|
Batting: LHB Eric Toney
|
0-0: Ball 1-0: Fly out, F8 (Line Drive, 8LD, EV 93.8 MPH)
|
|
Batting: SHB Dominik Hasek II
|
0-0: Ground out 6-3 (Groundball, 6S, EV 75.6 MPH) Dan Muns to third Carlos Bravo to second
|
|
Batting: RHB Stephen Casteel
|
0-0: Ball 1-0: Called Strike 1-1: Swinging Strike 1-2: SINGLE (Groundball, 34S, EV 60.0 MPH) (infield hit) Dan Muns scores Carlos Bravo to third
|
|
Batting: LHB Kurt Estep
|
0-0: Called Strike 0-1: Fly out, F3 (Line Drive, 34, EV 74.4 MPH)
|
| Top of the 8th over - 1 run, 2 hits, 1 error, 2 left on base; Bluefield 9 - Orem 1 |
| BOTTOM OF THE 8TH |
|
Orem Owlz batting - Pitching for Bluefield Blue Jays : RHP Bob Markle
|
|
Batting: RHB Kyle Gray
|
0-0: SINGLE (Flyball, 78S, EV 90.6 MPH)
|
|
Batting: RHB Ricky Mejicanos
|
0-0: Ball 1-0: DOUBLE (Flyball, 89D, EV 91.9 MPH) Kyle Gray to third
|
|
Pitching: RHP Aaron Meiggs
|
|
|
Batting: RHB Nick Lombardo
|
0-0: Ball 1-0: Ground out 6-3 (Groundball, 6, EV 101.9 MPH) Kyle Gray scores
|
|
Pinch Hitting: LHB Alberto Carrillo
|
0-0: Ball 1-0: Ball 2-0: Called Strike 2-1: Ball 3-1: Swinging Strike 3-2: Strikes out looking
|
|
Batting: RHB Trevor Kingston
|
0-0: Called Strike 0-1: Called Strike 0-2: Ground out 3-1 (Groundball, 3D, EV 102.5 MPH)
|
| Bottom of the 8th over - 1 run, 2 hits, 0 errors, 1 left on base; Bluefield 9 - Orem 2 |
| TOP OF THE 9TH |
|
Bluefield Blue Jays batting - Pitching for Orem Owlz : LHP Kichizo Nakazawa
|
|
Now at 2B: Nick Lombardo
|
|
|
Now in CF: Trevor Kingston
|
|
|
Now in RF: Alberto Carrillo
|
|
|
Batting: RHB Mike Johnson
|
0-0: Ball 1-0: Swinging Strike 1-1: Ground out 6-3 (Groundball, 56, EV 105.0 MPH)
|
|
Batting: LHB Lothar Middelkoop
|
0-0: Ball 1-0: Swinging Strike 1-1: Ball 2-1: Swinging Strike 2-2: Foul Ball, location: 2F 2-2: Ball 3-2: Base on Balls
|
|
Batting: RHB Braydon Pinsent
|
0-0: Ball Wild Pitch! Lothar Middelkoop to second 1-0: Ball 2-0: Foul Ball, location: 2F 2-1: Ground out 5-3 (Groundball, 5S, EV 88.8 MPH)
|
|
Batting: RHB Dan Muns
|
0-0: Ball 1-0: Foul Ball, location: 2F 1-1: Foul Ball, location: 2F 1-2: Ball 2-2: Ball 3-2: Base on Balls
|
|
Batting: RHB Carlos Bravo
|
0-0: Foul Ball, location: 2F 0-1: Foul Ball, location: 2F 0-2: Foul Ball, location: 2F 0-2: Ball 1-2: Ground out 6-3 (Groundball, 6D, EV 97.5 MPH)
|
| Top of the 9th over - 0 runs, 0 hits, 0 errors, 2 left on base; Bluefield 9 - Orem 2 |
| BOTTOM OF THE 9TH |
|
Orem Owlz batting - Pitching for Bluefield Blue Jays : RHP Aaron Meiggs
|
|
Batting: RHB Jon Shonka
|
0-0: Ball 1-0: Ball 2-0: Ground out U3 (Groundball, 34, EV 105.6 MPH)
|
|
Batting: RHB Dan Burkhart
|
0-0: Ball 1-0: Ball 2-0: Swinging Strike 2-1: Foul Ball, location: 2F 2-2: Strikes out swinging
|
|
Batting: RHB Juan Montez
|
0-0: Called Strike 0-1: Ball 1-1: Called Strike 1-2: Fly out, F3 (Line Drive, 3, EV 70.0 MPH)
|
| Bottom of the 9th over - 0 runs, 0 hits, 0 errors, 0 left on base; Bluefield 9 - Orem 2 |
|